 Dungeon Crawl Stone Soup version 0.20.1-1-g8b1a95d (webtiles) character file.

88 polve the Chopper (level 4, -3/33 HPs)
             Began as a Demonspawn Gladiator on July 7, 2017.
             Slain by Sigmund
             ... wielding a +5 scythe
              (12 damage)
             ... on level 2 of the Dungeon.
             The game lasted 00:02:53 (2158 turns).

polve the Chopper (Demonspawn Gladiator)            Turns: 2158, Time: 00:02:53

Health: -3/33      AC:  0    Str: 15    XL:     4   Next: 29%
Magic:  4/4        EV: 21    Int:  9    God:
Gold:   48         SH:  0    Dex: 20    Spells: 3/3 levels left

rFire    . . .     SeeInvis .     - Unarmed
rCold    . . .     Gourm    .   (shield currently unavailable)
rNeg     . . .     Faith    .   (armour currently unavailable)
rPois    .         Spirit   .   (helmet currently unavailable)
rElec    .         Reflect  .   (cloak currently unavailable)
rCorr    .         Harm     .   (gloves currently unavailable)
MR       .....                  (boots currently unavailable)
Stlth    +.........             (no amulet)
Regen    0.2/turn               (ring currently unavailable)
MPRegen  0.1/turn               (ring currently unavailable)

@: confused, bat-form, flying, very quick
A: powered by death 1
a: no special abilities


You were on level 2 of the Dungeon.
You were not hungry.
You were in bat-form.
You visited 1 branch of the dungeon, and saw 2 of its levels.

You collected 48 gold pieces.

Inventory:

Missiles
 d - 3 throwing nets (quivered)
Armour
 b - a +0 leather armour (melded)
 c - a +0 helmet (melded)
Jewellery
 a - an uncursed ring of resist corrosion {unknown}
 g - a +4 ring of strength (melded)
 n - a ring of see invisible (melded)
Scrolls
 e - 3 scrolls of teleportation {unknown}
 l - a scroll of identify {unknown}
 m - 2 scrolls of remove curse {unknown}
 o - a scroll of enchant weapon {unknown}
Potions
 i - a potion of agility {unknown}
 k - a potion of heal wounds {unknown}
Comestibles
 f - a bread ration
 j - a royal jelly


   Skills:
 - Level 2.0 Fighting
   Level 3.2 Axes
 - Level 1.7 Throwing
 - Level 2.6 Dodging
 + Level 3.1 Unarmed Combat


You had 3 spell levels left.
You didn't know any spells.

Dungeon Overview and Level Annotations

Branches:
Dungeon (2/15)

Altars:

Annotations:
D:2 Sigmund


Innate Abilities, Weirdness & Mutations

((You have very sharp fingernails.))
You regenerate a little health from kills.


Message History

Sigmund is severely wounded.
Sigmund closely misses you.
You hit Sigmund but do no damage.
Sigmund is severely wounded.
You hit Sigmund but do no damage.
Sigmund is severely wounded.
Sigmund casts a spell at you.
You are confused.
You hit Sigmund.
Sigmund is severely wounded.
Sigmund casts a spell.
Sigmund flickers and vanishes!
Deactivating autopickup; reactivate with Ctrl-A.
You hear some strange, mumbled words.
You are more confused.
Something hits you!
* * * LOW HITPOINT WARNING * * *
You bump into the rock wall.
You bump into the rock wall.
Something hits you!
You die...

##.......## ##.## #..##
#.........####...###########...##
'.........'<.....................
#.........####...###########...##
##.[.....## ##..# ##..# ##.....##
##.# ##)# ##...## #.# #รท# ##'##
#.# #.# #.# #b# #.# #.# #.# #.#
##.## #.# #.# ####...###### #.#
#.# .##.........# #.# #.##
.###...####.####.# #.## .#
##.#..........# #...
.####.#.###.###### #### ........#


There were no monsters in sight!

Vanquished Creatures
  Natasha (D:2)
  An adder (D:2)
  A worm (D:2)
  2 dart slugs (D:1)
  4 giant cockroaches
  10 goblins
  5 hobgoblins
  A quokka (D:1)
  5 bats
  A frilled lizard (D:1)
  6 kobolds (D:1)
  11 rats
48 creatures vanquished.

Notes
Turn   | Place    | Note
-------+----------+-------------------------------------------
     0 | D:1      | polve the Demonspawn Gladiator began the quest for the Orb.
     0 | D:1      | Reached XP level 1. HP: 16/16 MP: 1/1
   497 | D:1      | Gained mutation: You have sharp fingernails. [demonic ancestry]
   497 | D:1      | Reached XP level 2. HP: 22/22 MP: 2/2
   580 | D:1      | Reached skill level 1 in Unarmed Combat
  1109 | D:1      | Gained mutation: You have very sharp fingernails. [demonic ancestry]
  1109 | D:1      | Reached XP level 3. HP: 24/27 MP: 3/3
  1744 | D:2      | Noticed Natasha
  1757 | D:2      | Killed Natasha
  1757 | D:2      | Gained mutation: You regenerate a little health from kills. [demonic ancestry]
  1757 | D:2      | Reached XP level 4. HP: 21/33 MP: 4/4
  1894 | D:2      | Noticed Sigmund
  2158 | D:2      | Slain by Sigmund

Skill      XL: |  1  2  3 |
---------------+----------+-----
Axes           | 3 |  3.2
Unarmed Combat | 1 3 |  3.1
Fighting       | |  2.0
Throwing       | |  1.7
Dodging        | |  2.6

Action                   |  1- 3 |  4- 6 || total
-------------------------+-------+-------++-------
Melee: War axe           |   131 |       ||   131
       Unarmed           |       |    18 ||    18
 Stab: Sleeping          |     2 |       ||     2
  Eat: Chunk             |     3 |     1 ||     4
Armor: Leather armour    |    42 |     2 ||    44
       Skin              |       |     1 ||     1
Dodge: Dodged            |   108 |     9 ||   117
